 Dungeon Crawl Stone Soup version 0.23.2-1-ga50397a (webtiles) character file.

Game seed: 7261859906782673968

13071 wilfster70 the Grappler (level 11, -2/98 HPs)
             Began as a Troll Monk on May 23, 2019.
             Was a High Priest of Hepliaklqana.
             Killed from afar by an electric eel (13 damage)
             ... with a bolt of electricity
             ... on level 11 of the Dungeon.
             The game lasted 00:28:55 (9089 turns).

wilfster70 the Grappler (Troll Monk)                Turns: 9089, Time: 00:28:56

Health: -2/98      AC: 10    Str: 23    XL:     11   Next: 70%
Magic:  15/15      EV: 14    Int:  6    God:    Hepliaklqana [*****.]
Gold:   521        SH:  0    Dex: 13    Spells: 10/10 levels left

rFire    . . .     SeeInvis .     - Unarmed
rCold    + . .     Gourm    +   (no shield)
rNeg     . . .     Faith    .   e - +1 animal skin
rPois    .         Spirit   .   x - +0 hat "Piul" {MR+}
rElec    .         Reflect  .   I - +2 cloak
rCorr    .         Harm     .   (gloves unavailable)
MR       ++...                  (boots unavailable)
Stlth    ++........             (no amulet)
HPRegen  0.66/turn              o - ring of protection from cold
MPRegen  0.14/turn              a - ring of protection from magic

@: about to teleport, very slow
A: large, unfitting armour, reduced essence, claws 3, fast metabolism 3,
gourmand, regeneration 1, shaggy fur 1, tough skin 3
a: Recall Ancestor, Ancestor Identity, Transference, Idealise, Renounce Religion


You were on level 11 of the Dungeon.
You worshipped Hepliaklqana.
Hepliaklqana was extremely pleased with you.
You were not hungry.

You visited 2 branches of the dungeon, and saw 12 of its levels.

You collected 521 gold pieces.

Inventory:

Hand Weapons
 b - a +0 scimitar of flaming
Armour
 e - a +1 animal skin (worn)
 x - the +0 hat "Piul" (worn) {MR+}
   (You found it on level 4 of the Dungeon)

   It affects your resistance to hostile enchantments.
 I - a +2 cloak (worn)
Jewellery
 a - a ring of protection from magic (right claw)
 l - the ring of Xaupaw {MP+9 Int+2}
   (You found it on level 8 of the Dungeon)

   [ring of magical power]

   It affects your intelligence (+2).
   It affects your magic capacity (+9).
 o - a ring of protection from cold (left claw)
 u - an uncursed ring of resist corrosion
 E - an uncursed ring of see invisible
Wands
 d - a wand of polymorph (16)
 f - a wand of enslavement (13)
 A - a wand of clouds (8)
 C - a wand of acid (14)
 D - a wand of flame (29)
 F - a wand of digging (2)
Scrolls
 h - 6 scrolls of remove curse
 k - a scroll of magic mapping
 m - a scroll of fear
 q - 4 scrolls of teleportation
 G - a scroll of fog
Potions
 c - 4 potions of flight
 g - 4 potions of lignification
 i - a potion of brilliance
 j - a potion of invisibility
 n - 2 potions of cancellation
 p - a potion of berserk rage {unknown}
 r - 3 potions of agility
 s - 3 potions of haste
 t - 6 potions of heal wounds
 w - 7 potions of curing
 y - a potion of magic {unknown}
 z - a potion of mutation {unknown}
 B - 2 potions of might
Comestibles
 H - 25 rations


   Skills:
 + Level 7.5 Fighting
 + Level 7.5 Dodging
 - Level 1.0 Stealth
 * Level 12.1 Unarmed Combat
 * Level 7.9 Invocations


You had 10 spell levels left.
You didn't know any spells.
Your spell library contained the following spells:

 Spells                   Type           Power        Failure   Level  Hunger
 Corona                   Hex            #......      45%         1    ##.....
 Ensorcelled Hibernation  Hex/Ice        #.....       58%         2    ###....
 Poisonous Vapours        Pois/Air       #.....       58%         2    ###....
 Confuse                  Hex            #.......     83%         3    ####...
 Conjure Flame            Conj/Fire      #.......     83%         3    ####...
 Dazzling Spray           Conj/Hex       #.....       83%         3    ####...
 Mephitic Cloud           Conj/Pois/Air  #.......     83%         3    ####...
 Tukima's Dance           Hex            #.......     83%         3    ####...
 Freezing Cloud           Conj/Ice/Air   #.........   100%        6    #######
 Ring of Flames           Chrm/Fire      #.........   100%        7    #######


Dungeon Overview and Level Annotations

Branches:
Dungeon (11/15)            Temple (1/1) D:4            Lair (0/6) D:10
    Orc (0/2) D:9

Altars:
Ashenzari
Elyvilon
Hepliaklqana
Nemelex Xobeh
Okawaru
Qazlal
Wu Jian
Yredelemnul

Shops:
D:10 =   D:11 :

Annotations:
D:6 2 transporters


Innate Abilities, Weirdness & Mutations

You are too large for most types of armour.
You have claws for hands.
Your metabolism is lightning-fast.
You like to eat raw meat.
Your natural rate of healing is unusually fast.
You are covered in fur. (AC +1)
You have extremely tough skin. (AC +3)
Your life essence is reduced to manifest your ancestor. (-10% HP)


Message History

The electric eel shoots out a bolt of lightning at you!
The bolt of electricity hits you!
* * * LOW HITPOINT WARNING * * *
The electric eel shoots out a bolt of lightning at you!
The bolt of electricity misses you.
The hound splashes around in the water.
You mangle the electric eel!!
You kill the electric eel!
The electric eel shoots out a bolt of lightning at you!
The bolt of electricity hits you!
* * * LOW HITPOINT WARNING * * *
The hound barely misses you.
You closely miss the electric eel. The hound bites you.
* * * LOW HITPOINT WARNING * * *
The worker ant barely misses you.
The electric eel shoots out a bolt of lightning at you!
The bolt of electricity hits the electric eel.
The electric eel completely resists.
The bolt of electricity misses you.
The electric eel shoots out a bolt of lightning at you!
The bolt of electricity hits you!
You die...

............#.#.#.###.≈#..###.#
≈.....#.#.###.#.#..R.≈≈≈....#.#
≈.....#+#.......####≈≈≈≈≈.#.#.#
#####.> ..###......≈≈≈≈≈≈≈#.#.# #
#....#########≈≈≈≈≈≈≈≈#.#.# #
#.... ....≈≈.≈≈≈≈≈≈≈≈≈..#.### #
#.... ##≈≈≈≈≈≈≈≈≈≈≈≈≈.......
#####....###≈≈≈≈≈a≈≈≈≈≈≈≈.....###
....+ ..'.≈≈≈≈;@≈≈≈≈≈≈≈≈.....###
...##....#≈≈≈≈≈Z;h≈≈≈≈≈≈≈........
..<..# ≈≈≈≈≈≈≈;≈≈≈≈≈≈≈....#####
...#.# ≈≈≈≈≈≈;;≈≈≈≈#≈#.........
...# # #≈≈≈≈≈≈≈≈≈≈####.........
...# ..≈≈≈≈≈≈≈≈## #....##### ...#
###≈≈≈≈≈≈≈# #...†..... ...#
##≈≈≈≈≈≈≈ #....##### ...# #....#


You could see a hound, a worker ant, 5 electric eels and a bullfrog skeleton.

Vanquished Creatures
  The ghost of Paps the Cudgeler, a novice TrFi of Okawaru (D:6)
  An ugly thing (D:11)
  A gargoyle (D:11)
  An efreet (D:11)
  4 hippogriffs
  Sigmund (D:2)
  4 yaks (D:10)
  A human (D:9)
  2 wyverns
  4 wraiths (D:7)
  A basilisk (D:10)
  2 hungry ghosts
  Menkaure (D:6)
  Edmund (D:6)
  3 water moccasins
  Duvessa (D:7)
  An ice beast (D:8)
  6 orc warriors
  A black bear (D:9)
  3 sky beasts
  A necrophage (D:10)
  3 ogres
  4 phantoms
  5 centaurs
  2 crocodiles
  7 bullfrogs
  A wyvern skeleton (D:10)
  2 scorpions
  Dowan (D:7)
  A troll zombie (D:9)
  5 killer bees (D:11)
  2 electric eels (D:11)
  13 wights
  4 centaur zombies
  3 crimson imps
  6 howler monkeys
  A quasit (D:10)
  8 orc wizards
  3 bullfrog skeletons
  5 hounds
  2 jellies
  6 orc priests
  A gnoll shaman (D:4)
  Natasha (thrice) (D:3)
  2 iguanas
  3 worker ants
  5 ogre zombies (D:9)
  2 hexers
  2 hound zombies (D:7)
  A hound skeleton (D:10)
  Robin (D:4)
  8 adders
  12 gnolls
  2 shadow imps
  An ooze (D:2)
  5 adder skeletons
  2 worms
  2 dart slugs
  2 leopard geckos
  30 orcs
  2 ball pythons
  8 giant cockroaches
  13 goblins
  12 hobgoblins
  4 jackals
  13 kobolds
  5 quokkas
  9 bats
  4 frilled lizards
  A goblin skeleton (D:9)
  2 goblin zombies (D:9)
  A hobgoblin skeleton (D:9)
  3 hobgoblin zombies (D:9)
  2 jackal skeletons
  2 leopard gecko zombies
  10 orc zombies (D:9)
  A quokka skeleton (D:4)
  12 rats
313 creatures vanquished.

Vanquished Creatures (collateral kills)
  A two-headed ogre (D:8)
  2 yaks (D:10)
  A hungry ghost (D:8)
  An orc warrior (D:10)
  A big kobold (D:9)
  2 bullfrogs (D:9)
  Blork the orc (D:5)
  A scorpion (D:10)
  An electric eel (D:11)
  2 crimson imps (D:5)
  A centaur zombie (D:8)
  An orc wizard (D:10)
  3 orcs
  2 giant cockroaches
  A goblin zombie (D:9)
  A hobgoblin zombie (D:9)
22 creatures vanquished.

Vanquished Creatures (others)
  3 hexers
3 creatures vanquished.

Grand Total: 338 creatures vanquished

Notes
Turn   | Place    | Note
-------+----------+-------------------------------------------
     0 | D:1      | wilfster70 the Troll Monk began the quest for the Orb.
     0 | D:1      | Reached XP level 1. HP: 22/22 MP: 0/0
   144 | D:1      | Reached XP level 2. HP: 28/29 MP: 1/1
   838 | D:2      | Reached XP level 3. HP: 36/36 MP: 2/2
   886 | D:2      | Reached skill level 4 in Unarmed Combat
   891 | D:2      | Noticed Sigmund
   896 | D:2      | Reached XP level 4. HP: 28/44 MP: 3/3
   907 | D:2      | Killed Sigmund
   907 | D:2      | Reached skill level 5 in Unarmed Combat
   907 | D:2      | Reached XP level 5. HP: 24/53 MP: 4/4
  1622 | D:3      | Reached XP level 6. HP: 61/61 MP: 5/5
  1638 | D:3      | Noticed Natasha
  1642 | D:3      | Killed Natasha
  1879 | D:3      | Noticed Natasha
  1882 | D:3      | Killed Natasha
  1953 | D:3      | Noticed Natasha
  1959 | D:3      | Killed Natasha
  2533 | D:4      | Got a distressingly furry hat
  2540 | D:4      | Identified the +0 hat "Piul" {MR+} (You found it on level 4
                  | of the Dungeon)
  2830 | D:4      | Reached skill level 6 in Unarmed Combat
  2979 | D:4      | Noticed Robin
  3004 | D:4      | Killed Robin
  3004 | D:4      | Reached XP level 7. HP: 56/68 MP: 6/6
  3096 | D:4      | Found a staircase to the Ecumenical Temple.
  3115 | Temple   | Entered the Ecumenical Temple
  3131 | Temple   | Became a worshipper of Hepliaklqana the Forgotten
  3131 | Temple   | Reached * piety under Hepliaklqana
  3131 | Temple   | Reached ** piety under Hepliaklqana
  3132 | Temple   | Remembered your ancestor Lwandle as a hexer
  3425 | D:5      | Entered Level 5 of the Dungeon
  3529 | D:5      | Reached skill level 1 in Invocations
  3843 | D:5      | Reached skill level 7 in Unarmed Combat
  3843 | D:5      | Reached XP level 8. HP: 65/71 MP: 8/8
  3877 | D:5      | Noticed Blork the orc
  3886 | D:5      | Killed Blork the orc
  4032 | D:6      | Noticed Menkaure
  4338 | D:6      | Noticed a four-headed hydra
  4340 | D:6      | Found a sparkling altar of Nemelex Xobeh.
  4340 | D:6      | Found a transporter.
  4355 | D:6      | Found a transporter.
  4362 | D:6      | Killed Menkaure
  4450 | D:6      | Reached skill level 5 in Fighting
  4450 | D:6      | Reached skill level 5 in Dodging
  4450 | D:6      | Reached skill level 8 in Unarmed Combat
  4572 | D:6      | Found a runed translucent door.
  4573 | D:6      | Reached *** piety under Hepliaklqana
  4576 | D:6      | Noticed Paps's ghost (novice TrFi)
  4610 | D:6      | Killed Paps's ghost
  4610 | D:6      | Reached XP level 9. HP: 10/79 MP: 10/10
  4896 | D:6      | Noticed Edmund
  4909 | D:6      | Killed Edmund
  4972 | D:7      | Reached skill level 9 in Unarmed Combat
  5507 | D:7      | Found the +5 scythe "Finisher" {speed, eviscerate}
  5751 | D:7      | Noticed Dowan
  5751 | D:7      | Noticed Duvessa
  5762 | D:7      | Killed Dowan
  5884 | D:7      | Killed Duvessa
  6049 | D:8      | Reached XP level 10. HP: 88/88 MP: 12/12
  6093 | D:8      | Reached skill level 10 in Unarmed Combat
  6444 | D:8      | Reached skill level 5 in Invocations
  6760 | D:8      | Reached **** piety under Hepliaklqana
  6845 | D:8      | Noticed a two-headed ogre
  6858 | D:8      | Killed a two-headed ogre
  6871 | D:8      | Got a sparkling lead ring
  7134 | D:8      | Identified the ring of Xaupaw {MP+9 Int+2} (You found it on
                  | level 8 of the Dungeon)
  7436 | D:9      | Reached skill level 11 in Unarmed Combat
  7464 | D:9      | Found a staircase to the Orcish Mines.
  7900 | D:10     | Entered Level 10 of the Dungeon
  7986 | D:10     | Reached XP level 11. HP: 93/98 MP: 14/14
  8195 | D:10     | Found a staircase to the Lair.
  8307 | D:10     | Reached ***** piety under Hepliaklqana
  8379 | D:10     | Found Jocit's Jewellery Shop.
  8712 | D:11     | Reached skill level 12 in Unarmed Combat
  8724 | D:11     | Found Buime's Book Boutique.
  8766 | D:11     | Noticed a purple ugly thing
  8778 | D:11     | Killed a purple ugly thing
  9089 | D:11     | Killed from afar by an electric eel

Skill      XL: |  1  2  3  4  5  6  7  8  9 10 11 |
---------------+----------------------------------+-----
Unarmed Combat | 4 5 6 7 8 9 11 12 | 12.1
Fighting       | 3 4 5 6 7 |  7.5
Dodging        | 3 4 5 6 7 |  7.5
Invocations    | 1 3 4 6 7 |  7.9
Stealth        | |  1.0

Action                   |  1- 3 |  4- 6 |  7- 9 | 10-12 || total
-------------------------+-------+-------+-------+-------++-------
Melee: Unarmed           |    84 |   161 |   262 |   408 ||   915
       Punch             |       |     2 |    10 |    23 ||    35
Invok: Ancestor Life: He |       |       |     1 |       ||     1
Evoke: Wand              |       |       |     1 |       ||     1
  Use: Scroll            |       |     4 |     5 |    16 ||    25
 Stab: Sleeping          |     2 |     4 |     3 |     1 ||    10
       Distracted        |       |       |     3 |     7 ||    10
       Confused          |       |       |       |     2 ||     2
  Eat: Chunk             |    13 |    20 |    28 |    29 ||    90
Armor: Robe              |    39 |    51 |     7 |       ||    97
       Animal skin       |       |       |    48 |   104 ||   152
Dodge: Dodged            |    49 |   102 |   131 |   231 ||   513
